 Dungeon Crawl Stone Soup version 0.29-a0-559-g359e09b9d1 (webtiles) character file.

Game seed: 11344454222015472674

194 Bruhh the Sneak (level 5, -2/50 HPs)
             Began as a Naga Artificer on June 10, 2022.
             Slain by an orc
             ... wielding a +0 flail
              (7 damage)
             ... on level 3 of the Dungeon.
             The game lasted 00:05:18 (4014 turns).

Bruhh the Sneak (Naga Artificer)                    Turns: 4014, Time: 00:05:19

Health: -2/50      AC:  6    Str: 17    XL:     5   Next: 73%
Magic:  5/5        EV: 11    Int: 11    God:
Gold:   104        SH:  0    Dex: 11    Spells: 4/4 levels left

rFire   . . .      SeeInvis +   r - +0 morningstar
rCold   . . .      Faith    .   (no shield)
rNeg    . . .      Spirit   .   i - +0 scale mail
rPois   +          Reflect  .   n - +0 helmet
rElec   .          Harm     .   (no cloak)
rCorr   .          Rampage  .   (no gloves)
Will    .....                   (no barding)
Stlth   +.........              (no amulet)
HPRegen 0.16/turn               h - +4 ring of evasion
MPRegen 0.09/turn               (no ring)

@: very slow
A: AC +1, large, see invisible, deformed body, poison resistance, slowness 2,
spit poison 1, naga tail 1
a: Spit Poison


You were on level 3 of the Dungeon.
You visited 1 branch of the dungeon, and saw 3 of its levels.

You collected 104 gold pieces.

Inventory:

Hand Weapons
 a - a +0 club
 g - a +0 spear
 q - a +0 flail
 r - a +0 morningstar (weapon)
Armour
 b - a +0 leather armour
 i - a +0 scale mail (worn)
 n - a +0 helmet (worn)
Jewellery
 h - a +4 ring of evasion (left hand)
Wands
 c - a wand of flame (7) (quivered)
 d - a wand of charming (15)
 e - a wand of iceblast (9)
 p - a wand of paralysis (4)
Scrolls
 f - 3 scrolls of teleportation
 m - 2 scrolls of magic mapping {unknown}
Potions
 j - 2 potions of berserk rage {unknown}
 k - a potion of cancellation {unknown}
 l - a potion of mutation {unknown}
 o - a potion of brilliance {unknown}


   Skills:
 + Level 4.0 Fighting
 - Level 1.5 Armour
 - Level 0.7 Dodging
 - Level 4.0 Stealth
 + Level 4.0 Evocations


You had 4 spell levels left.
You didn't know any spells.
Your spell library contained the following spells:

 Spells                   Type           Power      Damage    Failure   Level
 Confusing Touch          Hex            0%         N/A       98%         3
 Yara's Violent Unravell  Hex/Tmut       0%         3d3       100%        5
 Enfeeble                 Hex            0%         N/A       100%        7


Dungeon Overview and Level Annotations

Branches:
Dungeon (3/15)

Altars:

Shops:
D:1 ***


Innate Abilities, Weirdness & Mutations

Your serpentine skin is tough. (AC +1)
You have supernaturally acute eyesight. (SInv)
Armour fits poorly on your strangely shaped body.
Your system is resistant to poisons. (rPois)
You cover ground very slowly.
You can spit poison.
You have a snake-like lower body.


Message History

You miss the orc wizard.
The orc wizard is heavily wounded.
The orc wizard misses you.
The orc wizard gestures at you while chanting.
The magic dart hits you.
You barely miss the orc wizard.
The orc wizard is heavily wounded.
The orc wizard hits you with a +0 dagger.
You hit the orc wizard.
The orc wizard is severely wounded.
The orc wizard barely misses you. The orc wizard closely misses you.
You hit the orc wizard.
You kill the orc wizard!
Your Fighting skill increases to level 4!
Your Evocations skill increases to level 4!
You hit the orc.
You kill the orc!
The orc barely misses you.
You barely miss the orc. The orc hits you with a +0 flail!
You hit the orc but do no damage. The orc closely misses you.
The orc hits you with a +0 flail.
You sock the orc!
The orc is almost dead.
The orc closely misses you.
You barely miss the orc.
The orc is almost dead.
The orc hits you with a +0 flail!
* * * LOW HITPOINT WARNING * * *
The orc hits you with a +0 flail.
* * * LOW HITPOINT WARNING * * *
You barely miss the orc.
The orc is almost dead.
The orc hits you with a +0 flail.
* * * LOW HITPOINT WARNING * * *
You hit the orc but do no damage.
The orc is almost dead.
The orc hits you with a +0 flail.
* * * LOW HITPOINT WARNING * * *
The orc hits you with a +0 flail!
You die...

....... .......
....o.. ...o...
....... .......
.......###############
.......'o@........#..
.......####.....#.#.#
#####'# #.###.#...# #.
#.# #.##..# #
###.###.##..######
..................
###.####.#..###### #.#
#.#........ #.#
#.#.#######


You could see an orc.

Vanquished Creatures
  A hound (D:3)
  An orc wizard (D:3)
  Robin (D:2)
  4 gnolls
  An adder (D:2)
  A worm (D:2)
  3 orcs (D:3)
  6 endoplasms
  3 giant cockroaches
  9 hobgoblins
  6 jackals
  6 kobolds
  2 quokkas
  5 ball pythons
  5 bats
  4 frilled lizards
  11 goblins
  4 rats
73 creatures vanquished.

Notes
Turn   | Place    | Note
-------+----------+-------------------------------------------
     0 | D:1      | Bruhh the Naga Artificer began the quest for the Orb.
     0 | D:1      | Reached XP level 1. HP: 18/18 MP: 1/1
    10 | D:1      | Found Kumnunne's General Store.
   415 | D:1      | Found Qisket's General Store.
   757 | D:1      | Reached XP level 2. HP: 25/25 MP: 2/2
   783 | D:1      | Found Fyutayh's General Store.
  1414 | D:1      | Reached XP level 3. HP: 30/32 MP: 3/3
  2105 | D:2      | Noticed Robin
  2545 | D:2      | Reached XP level 4. HP: 38/42 MP: 4/4
  2762 | D:2      | Killed Robin
  3231 | D:3      | Reached XP level 5. HP: 44/49 MP: 5/5
  4014 | D:3      | Slain by an orc

Illustrated notes

Levels and vault maps discovered:
D:1:      lemuel_arrival_hallway, layout_basic, serial_shops, shop_fountains,
          shop, nicolae_square_shop, minivault_5,
          nicolae_concentric_dashed_squares_mild, serial_bayou_crossing
D:2:      layout_loops_ring, uniq_robin
D:3:      kennysheep_six_static_rooms, layout_basic

Skill      XL: |  1  2  3  4  5 |
---------------+----------------+-----
Stealth        | 2 3 4 |  4.0
Fighting       | 2 3 4 |  4.0
Evocations     | 4 |  4.0
Armour         | |  1.5
Dodging        | |  0.7

Action                   |  1- 3 |  4- 6 || total
-------------------------+-------+-------++-------
Melee: Spear             |   162 |    83 ||   245
       Club              |     9 |       ||     9
       Punch             |     1 |     1 ||     2
       Flail             |       |    30 ||    30
       Morningstar       |       |    16 ||    16
 Abil: Spit Poison       |    13 |       ||    13
Evoke: Wand              |     4 |     4 ||     8
  Use: Scroll            |     2 |       ||     2
 Stab: Sleeping          |     3 |       ||     3
       Distracted        |     2 |       ||     2
Armor: Leather armour    |     5 |       ||     5
       Scale mail        |    49 |    33 ||    82
Dodge: Dodged            |    94 |    80 ||   174

Table legend: (Time is in decaauts)
 A = Elapsed time spent in this place.
 B = Non-inter-level travel time spent in this place.
 C = Inter-level travel time spent in this place.
 D = Time resting spent in this place.
 E = Time spent auto-exploring this place.
 F = Levels seen in this place.
 G = Mean time per level.
                   A        B        C        D        E       F      G
               +--------+--------+--------+--------+--------+-----+--------+
         Total |   4820 |   4650 |    170 |    395 |   3555 |   3 | 1606.7 |
       Dungeon |   4820 |   4650 |    170 |    395 |   3555 |   3 | 1606.7 |
               +--------+--------+--------+--------+--------+-----+--------+

Top non-repeatable levels by time:
     D:1: 2281 daAuts
     D:2: 2096 daAuts
     D:3: 442 daAuts
